[gd_scene load_steps=10 format=2]

[ext_resource path="res://assets/models/props/ute/ute.gltf" type="PackedScene" id=1]
[ext_resource path="res://assets/shaders/cel.shader" type="Shader" id=2]

[sub_resource type="ShaderMaterial" id=10]
shader = ExtResource( 2 )
shader_param/use_shadow = false
shader_param/base_color = Color( 0.788235, 0.176471, 0.176471, 1 )
shader_param/use_specular = false
shader_param/specular_tint = Color( 0.75, 0.75, 0.75, 0.75 )

[sub_resource type="ShaderMaterial" id=11]
shader = ExtResource( 2 )
shader_param/use_shadow = false
shader_param/base_color = Color( 0.0784314, 0.0784314, 0.0784314, 1 )
shader_param/use_specular = false
shader_param/specular_tint = Color( 0.75, 0.75, 0.75, 0.75 )

[sub_resource type="ShaderMaterial" id=3]
shader = ExtResource( 2 )
shader_param/use_shadow = false
shader_param/base_color = Color( 0.6, 0.6, 0.6, 1 )
shader_param/use_specular = false
shader_param/specular_tint = Color( 0.75, 0.75, 0.75, 0.75 )

[sub_resource type="ShaderMaterial" id=12]
shader = ExtResource( 2 )
shader_param/use_shadow = false
shader_param/base_color = Color( 0.94902, 0.941176, 0.807843, 1 )
shader_param/use_specular = false
shader_param/specular_tint = Color( 0.75, 0.75, 0.75, 0.75 )

[sub_resource type="ShaderMaterial" id=13]
shader = ExtResource( 2 )
shader_param/use_shadow = false
shader_param/base_color = Color( 0.670588, 0.670588, 0.670588, 1 )
shader_param/use_specular = false
shader_param/specular_tint = Color( 0.75, 0.75, 0.75, 0.75 )

[sub_resource type="ShaderMaterial" id=8]
shader = ExtResource( 2 )
shader_param/use_shadow = false
shader_param/base_color = Color( 0.196078, 0.180392, 0.160784, 1 )
shader_param/use_specular = false
shader_param/specular_tint = Color( 0.75, 0.75, 0.75, 0.75 )

[sub_resource type="ShaderMaterial" id=9]
shader = ExtResource( 2 )
shader_param/use_shadow = false
shader_param/base_color = Color( 0.701961, 0.701961, 0.701961, 1 )
shader_param/use_specular = false
shader_param/specular_tint = Color( 0.75, 0.75, 0.75, 0.75 )

[node name="Ute" instance=ExtResource( 1 )]

[node name="Body" parent="." index="0"]
material/0 = SubResource( 10 )
material/1 = SubResource( 11 )
material/2 = SubResource( 3 )
material/3 = SubResource( 12 )
material/4 = SubResource( 13 )

[node name="Wheels" parent="." index="1"]
material/0 = SubResource( 8 )
material/1 = SubResource( 9 )

[node name="Tray" parent="." index="2"]
transform = Transform( 1, 0, 0, 0, 1, 0, 0, 0, 1, 0, 0.778177, -2.34981 )
material/0 = SubResource( 10 )
material/1 = SubResource( 3 )
